 Dungeon Crawl Stone Soup version 0.26-a0-639-g72c4674329 (webtiles) character file.

Game seed: 3451381881074554001

11 DogServant the Digger (level 2, 0/15 HPs)
             Began as a Gargoyle Earth Elementalist on Sept 18, 2020.
             Slain by a hobgoblin
             ... wielding a +0 club
              (3 damage)
             ... on level 1 of the Dungeon.
             The game lasted 00:01:25 (148 turns).

DogServant the Digger (Gargoyle Earth Elementalist)  Turns: 148, Time: 00:01:26

Health: 0/15       AC:  5    Str: 11    XL:     2   Next: 29%
Magic:  0/5        EV: 12    Int: 15    God:
Gold:   13         SH:  0    Dex: 10    Spells: 4/5 levels left

rFire    . . .     SeeInvis .   (no weapon)
rCold    . . .     Faith    .   (no shield)
rNeg     + . .     Spirit   .   c - +1 robe
rPois    ∞         Reflect  .   (no helmet)
rElec    +         Harm     .   (no cloak)
rCorr    .         Rampage  .   (no gloves)
MR       .....                  (no boots)
Stlth    ++........             (no amulet)
HPRegen  0.05/turn              (no ring)
MPRegen  0.09/turn              (no ring)

@: brilliant, flying
A: negative energy resistance 1, electricity resistance, unbreathing,
petrification resistance, rot immunity, AC +2
a: no special abilities


You were on level 1 of the Dungeon.
You visited 1 branch of the dungeon, and saw 1 of its levels.

You collected 13 gold pieces.

Inventory:

Missiles
 b - 19 stones (quivered)
Armour
 c - a +1 robe (worn)


   Skills:
 + Level 1.7 Dodging
 + Level 2.2 Stealth
 + Level 2.1 Spellcasting
   Level 0.7 Transmutations
 + Level 4.1 Earth Magic


You had 4 spell levels left.
You knew the following spells:

 Your Spells              Type           Power        Failure   Level
a - Sandblast             Erth           ###...       4%          1

Your spell library contained the following spells:

 Spells                   Type           Power        Failure   Level
 Passwall                 Tmut/Erth      ##......     12%         2
 Stone Arrow              Conj/Erth      ##....       28%         3
 Petrify                  Tmut/Erth      ##......     63%         4
 Lee's Rapid Deconstruct  Erth           ###.......   73%         5


Dungeon Overview and Level Annotations

Branches:
Dungeon (1/15)

Altars:


Innate Abilities, Weirdness & Mutations

You are resistant to torment.
Your stone body is resilient. (AC +2)
You are immune to poison.
You resist negative energy. (rN+)
You are resistant to electric shocks. (rElec)
You can survive without breathing.
You are immune to petrification.
You are immune to rotting.


Message History

b - 19 stones You closely miss the hobgoblin.
The hobgoblin misses you.
You hit the hobgoblin but do no damage.
The hobgoblin hits you but does no damage.
You hit the hobgoblin but do no damage. The hobgoblin closely misses you.
You hit the hobgoblin but do no damage.
The hobgoblin hits you but does no damage.
You closely miss the hobgoblin.
The hobgoblin hits you but does no damage.
You hit the hobgoblin.
The hobgoblin is moderately wounded.
The hobgoblin barely misses you.
You hit the hobgoblin.
The hobgoblin is almost dead.
The hobgoblin hits you with a +0 club.
* * * LOW HITPOINT WARNING * * *
You closely miss the hobgoblin.
The hobgoblin is almost dead.
The hobgoblin hits you with a +0 club.
You die...

#.........######...
##..#####+##### #.#.
###...#.........# #h#.
#.....#.........# #.#.
#..#...#..⌠...⌠..# #...
#....#.#.........#####.
#..###l+....<....'.##..
#.. #g#.........#.....
#. #@#..⌠...⌠..##.#.. #
###.........#....#
#.........#...##
#####+#####.....
(...... ........
........ ... ...


You could see a hobgoblin and a frilled lizard.

Vanquished Creatures
  2 leopard geckos (D:1)
  2 bats (D:1)
  3 jackals (D:1)
  A kobold (D:1)
8 creatures vanquished.

Notes
Turn   | Place    | Note
-------+----------+-------------------------------------------
     0 | D:1      | DogServant the Gargoyle Earth Elementalist began the quest
                  | for the Orb.
     0 | D:1      | Reached XP level 1. HP: 10/10 MP: 3/3
   108 | D:1      | Reached skill level 4 in Earth Magic
   124 | D:1      | Reached XP level 2. HP: 10/15 MP: 0/5
   148 | D:1      | Slain by a hobgoblin

Illustrated notes

Levels and vault maps discovered:
D:1:      mushboom_english_gardens, layout_rooms

Skill      XL: |  1 |
---------------+----+-----
Earth Magic    | 4 |  4.1
Dodging        | |  1.7
Stealth        | |  2.2
Spellcasting   | |  2.1
Transmutations | |  0.7

Action                   || total
-------------------------++-------
Melee: Unarmed           ||    21
 Cast: Sandblast         ||    11
  Use: Potion            ||     2
       Scroll            ||     1
Armor: Robe              ||    17
Dodge: Dodged            ||    39

Table legend: (Time is in decaauts)
 A = Elapsed time spent in this place.
 B = Non-inter-level travel time spent in this place.
 C = Inter-level travel time spent in this place.
 D = Time resting spent in this place.
 E = Time spent auto-exploring this place.
 F = Levels seen in this place.
 G = Mean time per level.
                   A        B        C        D        E       F      G
               +--------+--------+--------+--------+--------+-----+--------+
         Total |    148 |    148 |      0 |      0 |     53 |   1 |  148.0 |
       Dungeon |    148 |    148 |      0 |      0 |     53 |   1 |  148.0 |
               +--------+--------+--------+--------+--------+-----+--------+

Top non-repeatable levels by time:
     D:1: 148 daAuts
